Unix NetHack Version 3.7.0-90 Work-in-progress - last build Dec 4 2023 15:25:40 (a4ad6ea61a8c493010e15c9251bbb19a34919cb7,branch:master). Game began 2023-12-10 12:16:53, ended 2023-12-10 12:33:03. elenmirie, neutral female human Priestess ------- -.......----- |..--......h@. |..|---------. |..| --..| -- --...----..| |.....|....| |..........| |...---....| |...|...)..| -----....-- --...| --..| .. ---- .. .... .... --.. Elenmirie the Acolyte St:12 Dx:12 Co:14 In:17 Wi:18 Ch:10 Neutral Dlvl:5 $:63 HP:0(38) Pw:68(74) AC:7 Xp:5/295 T:3156 Latest messages: Coco picks up an uncursed iron skull cap. Coco drops an uncursed iron skull cap. Coco picks up an uncursed iron skull cap. Coco drops an uncursed iron skull cap. Coco picks up an uncursed iron skull cap. Suddenly, Coco falls through a trap door. A trap door opens up under you! You feel tough! You must have been leading a healthy life-style. You hear a door open. You kill the gnome! A lit field surrounds you! Pick an object. You are beginning to feel hungry. A lit field surrounds you! You hear a door open. You hear some noises in the distance. You hear someone cursing shoplifters. You miss the dwarf. The dwarf thrusts her broad short sword. The dwarf hits! You kill the dwarf! The gnome picks up an uncursed hooded cloak. You kill the gnome! There are several objects here. You hit the gnome lord! The gnome lord hits! You kill the gnome lord! There is an uncursed gnome corpse here; eat it? [ynq] (n) y This gnome corpse is stringy. You hear crashing rock. You hear the chime of a cash register. You stop eating the gnome corpse. You hear someone beseeching Camaxtli. You miss the dwarf. The dwarf swings his pick-axe. The dwarf hits! You hit the dwarf. The dwarf swings his pick-axe. The dwarf hits! You miss the dwarf. You hit the dwarf! The dwarf swings his pick-axe. The dwarf hits! You die... Do you want your possessions identified? [ynq] (y) y Do you want to see your attributes? [ynq] (y) y Do you want an account of creatures vanquished? [ynaq] (y) y Do you want to see your conduct and achievements? [ynq] (y) y Do you want to see the dungeon overview? [ynq] (y) y Inventory: Coins $ - 63 gold pieces Weapons B - 10 uncursed +0 silver arrows a - a blessed +1 mace (weapon in left hand) Armor c - an uncursed +0 small shield (being worn) b - an uncursed +0 robe (being worn) Comestibles e - an uncursed clove of garlic n - 3 uncursed food rations f - an uncursed sprig of wolfsbane y - an uncursed tripe ration Scrolls E - a cursed scroll of gold detection l - an uncursed scroll of identify x - an uncursed scroll of teleportation Spellbooks g - an uncursed spellbook of detect monsters h - an uncursed spellbook of identify o - a blessed spellbook of light Potions j - an uncursed potion of acid r - an uncursed potion of enlightenment q - an uncursed potion of healing m - an uncursed potion of see invisible d - 4 potions of holy water Rings s - an uncursed ring of fire resistance k - a cursed -1 ring of gain strength Wands u - an uncursed wand of light (0:8) w - an uncursed wand of striking (0:5) Tools A - a cursed magic lamp t - an uncursed tinning kit (0:68) Elenmirie the Priestess's attributes: Background: You were an Acolyte, a level 5 human Priestess. You were neutral, on a mission for Camaxtli who was opposed by Quetzalcoatl (lawful) and Huhetotl (chaotic). You were left-handed. You were in the Gnomish Mines, on level 5. You entered the dungeon 3156 turns ago. You had 295 experience points, 25 more were needed to attain level 6. Basics: You had 0 out of 38 hit points. You had 68 out of 74 energy points (spell power). Your armor class was 7. Your wallet contained 63 zorkmids. Autopickup was on for '$' plus thrown. Final Characteristics: Your strength was 12 (limit:18/100). Your dexterity was 12 (limit:18). Your constitution was 14 (limit:18). Your intelligence was 17 (limit:18). Your wisdom was 18 (limit:18). Your charisma was 10 (limit:18). Final Status: You weren't hungry. You were unencumbered. You were wielding a mace. You had basic skill with mace and could have enhanced that. Final Attributes: You were piously aligned. You were telepathic. You were guarded. You are dead. Miscellaneous: You never encountered a bones level. Total elapsed playing time was 16 minutes and 10 seconds. Major events: Turn 1: elenmirie the neutral human Priestess entered the dungeon 629: entered the Gnomish Mines 661: attained the rank of Acolyte (level 3) 3115: reached Mine Town 3156: killed by a dwarf Vanquished creatures: 2 shriekers 3 gnome leaders a gnomish wizard a giant ant a floating eye 4 dwarves 4 dwarf zombies a wererat 3 iguanas a coyote 2 hobbits 3 hobgoblins 3 giant rats 19 gnomes a gnome zombie a gecko 3 jackals a fox 2 goblins 4 sewer rats 2 grid bugs 3 lichens 2 kobold zombies 3 newts 70 creatures vanquished. No species were genocided or became extinct. Voluntary challenges: You read items or engraved 1 time. You never engraved Elbereth. You never genocided any monsters. You never polymorphed an object. You never changed form. You used no wishes. Achievements: You entered the Gnomish Mines. You attained the rank of Acolyte. You entered Minetown. The Dungeons of Doom: levels 1 to 2 Level 1: An altar, a fountain. Level 2: A fountain. Stairs down to The Gnomish Mines. The Gnomish Mines: levels 3 to 5 Level 3: Level 4: Level 5: <- You were here. Final resting place for you, killed by a dwarf. Game over: ---------- / \ / REST \ / IN \ / PEACE \ / \ | elenmirie | | 63 Au | | killed by a | | dwarf | | | | | | 2023 | *| * * * | * _________)/\\_//(\/(/\)/\//\/|_)_______ Goodbye elenmirie the Priestess... You died in The Gnomish Mines on dungeon level 5 with 1447 points, and 63 pieces of gold, after 3156 moves. You were level 5 with a maximum of 38 hit points when you died.